 Dungeon Crawl Stone Soup version 0.24.0-125-gc4c63601f3 (webtiles) character file.

Game seed: 10443198749578222707, levelgen mode: deterministic

554065 twino the Slayer (level 25, -24/236 (245) HPs)
             Began as a Minotaur Berserker on Feb 13, 2020.
             Was a High Priest of Trog.
             Annihilated by an Orb Guardian (41 damage)
             ... on level 5 of the Realm of Zot on Feb 17, 2020.
             The game lasted 09:55:59 (64243 turns).

twino the Slayer (Minotaur Berserker)              Turns: 64243, Time: 09:56:00

HP:   -24/236 (245) AC: 47    Str: 37    XL:     25   Next: 14%
MP:   25/34         EV: 23    Int:  4    God:    Trog [*****.]
Gold: 3087          SH: 24    Dex: 14    Spells: 24/24 levels left

rFire    . . .     SeeInvis .   p - +9 broad axe of Mayhem {venom, rC+ rN+ Dex+4}
rCold    + + .     Gourm    .   W - +1 shield {reflect}
rNeg     + . .     Faith    .   d - +10 plate armour {MR+}
rPois    .         Spirit   .   (helmet restricted)
rElec    +         Reflect  +   B - +2 cloak
rCorr    .         Harm     .   f - +2 pair of gloves {Str+3}
MR       +++..                  K - +2 pair of boots
Stlth    ..........             x - +5 amulet of reflection
HPRegen  0.00/turn              N - +4 ring of protection
MPRegen  0.24/turn              l - ring of the Villain {+Blink rC+ MP+9}

@: about to teleport, marked, non-regenerating, diseased
A: retaliatory headbutt, horns 2, low mp 1, magic resistance 1, electricity
resistance
}: 3/15 runes: barnacled, abyssal, gossamer
a: Berserk, Trog's Hand, Brothers in Arms, Renounce Religion, Evoke Blink


You were on level 5 of the Realm of Zot.
You worshipped Trog.
Trog was extremely pleased with you.
You were very hungry.

You visited 9 branches of the dungeon, and saw 46 of its levels.
You visited the Abyss 1 time.
You also visited: Sewer.

You collected 5117 gold pieces.
You spent 2030 gold pieces at shops.

Inventory:

Hand Weapons
 p - the +9 broad axe of Mayhem (weapon) {venom, rC+ rN+ Dex+4}
   (You found it on level 1 of the Orcish Mines)

   It poisons the flesh of those it strikes.
   It affects your dexterity (+4).
   It protects you from cold.
   It protects you from negative energy.
 D - a +6 antimagic war axe
 F - a +3 vampiric broad axe
Armour
 d - a +10 plate armour of magic resistance (worn)
 f - a +2 pair of gloves of strength (worn)
 v - a scarf of repulsion
 B - a +2 cloak (worn)
 K - a +2 pair of boots (worn)
 W - a +1 shield of reflection (worn)
Jewellery
 g - the ring of Phasing {EV+8}
   (You acquired it on level 11 of the Dungeon)

   [ring of evasion]

   It affects your evasion (+8).
 l - the ring of the Villain (right hand) {+Blink rC+ MP+9}
   (You bought it in a shop on level 2 of the Depths)

   [ring of magical power]

   It protects you from cold.
   It affects your magic capacity (+9).
   It lets you blink.
 r - an uncursed ring of see invisible
 u - the ring of Fatigue {MR+ Int+3}
   (You took it off a deep elf mage on level 3 of the Elven Halls)

   [ring of protection from magic]

   It affects your intelligence (+3).
   It affects your resistance to hostile enchantments.
 x - a +5 amulet of reflection (around neck)
 N - a +4 ring of protection (left hand)
Wands
 b - a wand of flame (34)
 o - a wand of paralysis (48)
 y - a wand of iceblast (14)
 A - a wand of clouds (4)
 I - a wand of random effects (51)
 J - a wand of enslavement (18)
 M - a wand of acid (8)
 R - a wand of digging (12)
 U - a wand of polymorph (11)
 V - a wand of scattershot (8)
 Y - a wand of disintegration (21)
Scrolls
 e - 19 scrolls of teleportation
 i - 11 scrolls of identify
 n - 17 scrolls of remove curse
 s - 5 scrolls of magic mapping
 z - 10 scrolls of fog
 G - a scroll of silence
 H - 5 scrolls of fear
 L - 3 scrolls of brand weapon
 T - 6 scrolls of enchant weapon
Potions
 a - 7 potions of agility
 h - 7 potions of curing
 j - 7 potions of might
 k - 7 potions of invisibility
 m - 8 potions of flight
 t - 7 potions of ambrosia
 w - 2 potions of resistance
 S - 4 potions of haste
 Z - 6 potions of lignification
Miscellaneous
 q - a phial of floods
 C - a phantom mirror
 P - a lightning rod (4/4)
 Q - 2 sacks of spiders
Comestibles
 c - 68 rations
 O - 5 chunks of flesh


   Skills:
 + Level 24.1 Fighting
 - Level 18.0 Axes
 + Level 24.0 Armour
 + Level 22.3 Dodging
 + Level 21.4 Shields
 - Level 8.0 Evocations


You had 24 spell levels left.
You didn't know any spells.
Your spell library was empty.

Dungeon Overview and Level Annotations

Branches:
Dungeon (15/15)            Temple (0/1) D:6            Lair (6/6) D:10
 Shoals (4/4) Lair:2       Spider (4/4) Lair:2        Slime (0/5) Lair:5
    Orc (2/2) D:10            Elf (3/3) Orc:2        Vaults (2/5) D:14
 Depths (5/5) D:15            Zot (5/5) Depths:5      Sewer (visited)
  Crypt: Vaults:2-3

Altars:
Ashenzari
Fedhas
Gozag
Hepliaklqana
Makhleb
Nemelex Xobeh
Qazlal
Ru
Sif Muna
Trog
Uskayaw
Vehumet
Yredelemnul
Zin
Beogh
Lugonu

Shops:
D:4 }*   Orc:2 [!(   Elf:1 (*:   Vaults:1 %==[   Depths:2 =}=

Portals:
Hell: Depths:1 Depths:2 Depths:3 Depths:4 Depths:5
Abyss: Depths:1 Depths:3 Depths:4
Pandemonium: Depths:1 Depths:3 Depths:5
Ziggurat: Depths:5
Trove: D:13 (give 6 scrolls of blinking)

Annotations:
Depths:4 3 runed translucent doors


Innate Abilities, Weirdness & Mutations

You reflexively headbutt those who attack you in melee.
You have a pair of horns on your head.
Your magical capacity is low. (-10% MP)
You are resistant to hostile enchantments. (MR+)
You are resistant to electric shocks. (rElec)


Message History

The tentacled monstrosity constricts your troll!
The Orb Guardian hits you but does no damage.
The Killer Klown laughs merrily.
Your troll bites the tentacled monstrosity!
Your troll claws the tentacled monstrosity.
Your troll barely misses the tentacled monstrosity.
Okay, then.
Okay, then.
Unknown command.
Okay, then.
You're wearing all the rings you can.
Remove which one? (? for menu, Esc to quit)
You remove the ring of Phasing {EV+8}.
The Orb Guardian hits you!!
* * * LOW HITPOINT WARNING * * *
You block the Orb Guardian's attack. x2
The tentacled monstrosity constricts your troll!
You hear a loud "Zot"!
You feel your magic capacity increase.
l - the ring of the Villain (right hand) {+Blink rC+ MP+9} You block the Orb Guardian's attack.
The Orb Guardian hits you!!!
You die...

?........### ##...
.....##.X..## #...L
...
###.D.###########...#
. ##X2.............#
##.d....L.^....#
#.TzX....d.D..#
##DX{........##
#XXXL.......#
##@*z§y8.....##
#.X*Xp........#
##..p.....y....##
#...............#
########.########▓▓▓
#).≈≈≈≈≈≈##..#
#)#≈≈≈≈≈≈##..#
#.#≈≈≈≈≈≈##..#
#.#≈≈≈≈≈≈##..#


You could see 2 orbs of fire, 2 Killer Klowns, an electric golem, 2 tentacled
monstrosities, a golden dragon, 2 ancient liches, a storm dragon (berserk), a
green draconian, a purple draconian, 2 death cobs, 6 Orb Guardians, a green
death, 2 moths of wrath and a friendly troll (berserk).

Vanquished Creatures
  An ancient lich (Depths:3)
  A curse toe (Zot:1)
  4 golden dragons
  Nikola (Shoals:4)
  Arachne (Spider:3)
  The ghost of Johnny the Earth Mage, an adept DgEE (Shoals:3)
  2 liches
  Jorgrun (D:15)
  8 tentacled monstrosities
  7 Orb Guardians (Zot:5)
  A quicksilver dragon (shapeshifter) (Depths:3)
  11 death cobs
  4 quicksilver dragons
  A sphinx (Depths:3)
  5 tengu reavers
  9 storm dragons
  9 shadow dragons
  Donald (Orc:1)
  Agnes (Spider:3)
  4 draconian monks
  Kirke (D:12)
  Ilsuiw (Shoals:2)
  Roxanne (Shoals:2)
  3 draconian knights
  7 frost giants
  7 emperor scorpions
  4 fire giants
  6 deep elf sorcerers
  4 ghost moths
  Louise (Spider:2)
  2 draconian stormcallers
  4 vault wardens (Vaults:1)
  Aizul (Shoals:4)
  A draconian scorcher (Zot:5)
  An iron dragon (Depths:5)
  5 draconian shifters
  4 deep elf elementalists (Elf:3)
  12 stone giants
  4 draconian annihilators
  2 ironheart preservers (Vaults:1)
  2 entropy weavers
  7 vampire knights
  5 deep elf demonologists
  21 very ugly things
  4 black draconians
  9 green draconians
  8 yellow draconians
  A minotaur (Shoals:1)
  The ghost of Xerdoz the Grappler, a journeyman TrHu (Lair:5)
  9 purple draconians
  10 spark wasps
  6 deep elf annihilators
  Azrael (Spider:3)
  14 white draconians
  8 red draconians
  4 merfolk javelineers
  6 deep elf death magi
  6 ettins
  2 crystal guardians (Abyss:4)
  6 merfolk impalers
  9 fire dragons
  9 ogre magi
  7 great orbs of eyes
  3 yaktaur captains
  4 rakshasas
  5 deep elf high priests
  3 jiangshi (Depths:5)
  A quicksilver dragon skeleton (Depths:3)
  3 ice dragons
  The ghost of Rohyif the Nimble, a journeyman GnGl of Uskayaw (D:11)
  4 vault guards
  6 hydras
  4 spriggan air magi
  7 centaur warriors
  3 alligator snapping turtles
  4 merfolk aquamancers (Shoals:4)
  2 catoblepae
  23 two-headed ogres
  2 satyrs
  2 merfolk avatars (Shoals:4)
  2 death yaks (Shoals:1)
  A two-headed ogre (shapeshifter) (Vaults:1)
  A queen ant (Lair:3)
  2 vampire magi
  8 deep troll shamans
  11 deep troll earth magi
  9 thrashing horrors (Abyss:4)
  22 dancing weapons
  3 tengu warriors
  4 spriggan berserkers
  2 titan zombies (Orc:1)
  3 spriggans (Depths:5)
  4 orc high priests
  13 deep elf knights
  4 wretched stars (Abyss:4)
  2 soul eaters (Depths:3)
  6 skeletal warriors
  13 large abominations
  A spatial maelstrom (Abyss:4)
  A sixfirhy (Vaults:2)
  A shadow wraith (Depths:3)
  4 iron trolls
  A golden dragon zombie (Depths:3)
  4 glowing orange brains
  A sea snake (shapeshifter) (Abyss:4)
  8 unseen horrors
  An infernal demonspawn (Depths:3)
  2 wizards
  A shadow demon (Depths:3)
  12 sea snakes
  A shadow dragon zombie (Depths:3)
  23 deep trolls
  4 ironbrand convokers (Vaults:1)
  A lindwurm (Lair:6)
  A kraken simulacrum (Shoals:4)
  A wolf spider zombie (D:15)
  A flayed ghost (Abyss:4)
  A harpy (Shoals:4)
  A sphinx zombie (Depths:3)
  Pikel (D:7)
  7 deep elf archers
  14 orc knights
  An oklob plant (D:8)
  A harpy (shapeshifter) (D:15)
  17 ugly things
  A necromancer (Depths:1)
  53 deep elf magi
  4 orc sorcerers (Orc:2)
  A salamander (D:15)
  A stone giant zombie (Orc:1)
  22 wolf spiders
  13 orb spiders
  23 cyclopes
  A manticore (shapeshifter) (Elf:2)
  14 fauns
  16 moths of wrath
  A frost giant skeleton (Depths:3)
  11 manticores
  A worldbinder (Abyss:4)
  9 elephants
  4 black mambas
  5 water nymphs
  A guardian serpent (shapeshifter) (Abyss:4)
  A guardian serpent (Abyss:4)
  5 vault sentinels (Vaults:1)
  3 molten gargoyles (Lair:6)
  4 gargoyles
  A torpor snail (shapeshifter) (Abyss:4)
  An eye of devastation (shapeshifter) (Vaults:1)
  16 merfolk sirens
  2 spiny frogs
  7 komodo dragons
  A rime drake (shapeshifter) (Depths:1)
  3 kobold demonologists
  A spriggan skeleton (Depths:3)
  2 komodo dragons (shapeshifter)
  2 rime drakes (Lair:5)
  An ice devil (Depths:3)
  An efreet (D:15)
  23 yaktaurs
  An ancient zyme (Abyss:4)
  15 demonic crawlers
  3 meliai (Shoals:1)
  A hellwing (Depths:3)
  2 tengu conjurers
  A freezing wraith (Abyss:4)
  2 polar bears
  A red devil (Depths:3)
  22 merfolk
  A queen bee (Lair:3)
  9 trolls
  44 jumping spiders
  2 wind drakes
  A wind drake (shapeshifter) (Depths:3)
  8 hornets
  Prince Ribbit (D:7)
  6 snapping turtles
  12 blink frogs
  2 spectral merfolk (Shoals:2)
  5 dream sheep (Lair:4)
  2 spectral manticores (Shoals:2)
  23 slime creatures
  12 hippogriffs
  3 vampires
  2 air elementals
  62 redbacks
  A shadow (D:15)
  64 yaks
  10 water elementals
  7 wyverns
  2 ynoxinuls (Abyss:4)
  23 tarantellas
  3 wraiths
  A tarantella (shapeshifter) (D:13)
  A wyvern (shapeshifter) (Vaults:1)
  3 fire elementals
  A neqoxec (Abyss:4)
  3 chaos spawn
  3 hogs (D:12)
  A hungry ghost (D:10)
  2 steam dragons (Lair:6)
  3 vampire mosquitoes (D:12)
  9 basilisks
  Menkaure (D:7)
  A death yak simulacrum (Lair:5)
  13 wargs
  12 soldier ants (Lair:3)
  7 hell hounds
  4 acid dragons
  12 water moccasins
  A water moccasin (shapeshifter) (Abyss:4)
  14 porcupines
  47 orc warriors
  5 ice beasts
  8 sky beasts
  3 eyes of draining
  3 black bears
  The ghost of Peloso the Covered, an amateur MiFi (D:3)
  2 black mamba simulacra (Lair:5)
  5 small abominations
  11 boggarts
  28 ogres
  A necrophage (D:9)
  5 phantoms
  8 wolves
  18 centaurs
  10 crocodiles
  A cyclops zombie (Orc:1)
  13 big kobolds
  16 bullfrogs
  2 earth elementals
  A water nymph simulacrum (Shoals:3)
  2 wyvern zombies
  A spiny frog simulacrum (Lair:5)
  3 merfolk simulacra (Shoals:3)
  3 scorpions
  2 wyvern skeletons
  A scorpion (shapeshifter) (Depths:5)
  A wight (D:13)
  36 killer bees
  A troll zombie (D:10)
  A human simulacrum (Vaults:1)
  6 howler monkeys
  2 electric eels
  11 crimson imps
  2 centaur zombies
  5 lava snakes (Lair:6)
  2 bullfrog zombies
  2 quasits
  7 hounds
  31 orc priests
  A cyclops simulacrum (Shoals:3)
  11 jellies
  2 bullfrog skeletons
  5 centaur skeletons
  2 iron imps
  Crazy Yiuf (D:3)
  4 iguanas
  Ijyb (D:3)
  36 orc wizards
  43 worker ants
  7 ogre zombies (D:10)
  A hound zombie (D:10)
  A spectral worker ant (D:11)
  A hound skeleton (D:10)
  A worker ant zombie (D:11)
  3 gnolls (D:3)
  12 adders
  5 shadow imps
  8 oozes
  2 adder skeletons (D:9)
  2 worms
  A dart slug (D:2)
  8 leopard geckos
  140 orcs
  6 ball pythons
  16 giant cockroaches
  4 goblins (D:1)
  6 hobgoblins
  3 jackals (D:5)
  3 quokkas
  8 bats
  10 frilled lizards
  A giant cockroach zombie (D:2)
  A goblin skeleton (D:10)
  3 goblin zombies (D:10)
  2 hobgoblin skeletons (D:10)
  4 hobgoblin zombies (D:10)
  A jackal skeleton (D:9)
  40 kobolds
  2 orc skeletons (D:10)
  13 orc zombies (D:10)
  2 quokka skeletons
  9 rats
  A spectral orc (D:4)
  2 crawling corpses (Elf:3)
  2 fungi
  6 plants
2048 creatures vanquished.

Vanquished Creatures (collateral kills)
  A curse toe (Zot:4)
  A tentacled monstrosity (Zot:4)
  A deep elf blademaster (Elf:3)
  2 deep elf master archers (Elf:3)
  Polyphemus (Shoals:1)
  A draconian monk (Abyss:4)
  2 shadow dragons (Depths:3)
  5 deep elf sorcerers (Elf:3)
  A deep elf elementalist (Elf:3)
  A deep elf annihilator (Elf:3)
  A merfolk javelineer (Shoals:1)
  An ettin (Depths:1)
  A deep elf death mage (Elf:3)
  2 deep elf high priests (Elf:3)
  A hydra (D:15)
  An ice dragon (Lair:5)
  A death knight (D:15)
  An alligator (shapeshifter) (Abyss:4)
  2 two-headed ogres
  An alligator snapping turtle (Shoals:3)
  2 dancing weapons (Elf:2)
  A death yak (Shoals:1)
  A vampire mage (Depths:3)
  An orc high priest (Orc:2)
  3 thrashing horrors (Abyss:4)
  A deep elf knight (Elf:2)
  A deep troll (Depths:1)
  5 unseen horrors (Abyss:4)
  A flayed ghost (Depths:3)
  An orc knight (Orc:2)
  2 deep elf magi
  A cyclops (D:15)
  5 fauns (Shoals:2)
  A merfolk siren (Shoals:2)
  A centaur skeleton (D:15)
  A freezing wraith (D:15)
  3 hellwings (Abyss:4)
  A merfolk (Shoals:2)
  A slime creature (Depths:1)
  A blink frog (Abyss:4)
  4 raiju (Abyss:4)
  2 redbacks (Spider:3)
  A death yak simulacrum (Lair:5)
  An acid dragon (D:15)
  A hell hound (Spider:3)
  A small abomination (Abyss:4)
  A black mamba simulacrum (Lair:5)
  An orc wizard (Orc:2)
74 creatures vanquished.

Vanquished Creatures (others)
  A lich (Depths:1)
  A draconian knight (Zot:3)
  A ghost moth (Spider:4)
  A stone giant (Depths:5)
  A yaktaur captain (Depths:5)
  2 satyrs
  A deep elf knight (Elf:2)
  A deep elf archer (D:14)
  An orb spider (Spider:4)
  2 cyclopes
  A merfolk siren (Shoals:3)
  10 yaktaurs
  A jumping spider (Spider:4)
  A merfolk (Shoals:3)
  A hell hound (Lair:6)
  2 slaves (D:7)
  A boggart (Depths:2)
  2 centaurs (D:14)
  An electric eel (Spider:4)
  An iguana (D:7)
  2 orcs
  2 fungi
  2 lurking horrors (Abyss:4)
  5 plants
  6 tentacles (Shoals:4)
50 creatures vanquished.

Grand Total: 2172 creatures vanquished

Notes
Turn   | Place    | Note
-------+----------+-------------------------------------------
     0 | D:1      | twino the Minotaur Berserker began the quest for the Orb.
     0 | D:1      | Reached XP level 1. HP: 19/19 MP: 0/0
   160 | D:1      | Reached XP level 2. HP: 25/27 MP: 1/1
   405 | D:1      | Reached ** piety under Trog
   563 | D:1      | Reached XP level 3. HP: 33/33 MP: 2/2
   646 | D:2      | Found a shimmering blue altar of Sif Muna.
   810 | D:2      | Found a glowing silver altar of Zin.
   811 | D:2      | Found an opulent altar of Gozag.
   879 | D:2      | Reached XP level 4. HP: 27/41 MP: 3/3
  1093 | D:2      | Reached skill level 5 in Axes
  1289 | D:3      | Noticed Ijyb
  1302 | D:3      | Killed Ijyb
  1343 | D:3      | Reached XP level 5. HP: 40/47 MP: 4/4
  1396 | D:3      | Reached skill level 5 in Fighting
  1581 | D:3      | Noticed Peloso's ghost (amateur MiFi)
  1607 | D:3      | Found a transporter.
  1610 | D:3      | Found a transporter.
  1654 | D:3      | Reached *** piety under Trog
  1654 | D:3      | Reached XP level 6. HP: 45/56 MP: 5/5
  1738 | D:3      | Killed Peloso's ghost
  2183 | D:3      | Found a runed translucent door.
  2184 | D:3      | Noticed Crazy Yiuf
  2387 | D:3      | Killed Crazy Yiuf
  2538 | D:4      | Reached XP level 7. HP: 36/62 MP: 6/6
  3121 | D:4      | Found a hazy altar of Hepliaklqana.
  3143 | D:4      | Found a basalt altar of Yredelemnul.
  3194 | D:4      | Found Piyd Ceish's Gadget Shoppe.
  3281 | D:4      | Found Feirot's Lightly-Used Armoury.
  3551 | D:5      | Entered Level 5 of the Dungeon
  3558 | D:5      | Reached skill level 5 in Armour
  3580 | D:5      | Found a shattered altar of Ashenzari.
  3750 | D:5      | Found a burning altar of Makhleb.
  3846 | D:5      | Reached XP level 8. HP: 71/71 MP: 7/7
  4311 | D:6      | Reached skill level 5 in Dodging
  4311 | D:6      | Reached skill level 1 in Evocations
  4430 | D:6      | Found a glowing drain.
  4449 | Sewer    | Entered a sewer
  4483 | Sewer    | Reached **** piety under Trog
  4673 | Sewer    | Got a faintly glowing amethyst amulet
  5004 | D:6      | Found a staircase to the Ecumenical Temple.
  5010 | D:6      | Reached XP level 9. HP: 79/79 MP: 9/9
  5557 | D:6      | Reached ***** piety under Trog
  5557 | D:6      | Reached skill level 10 in Axes
  5861 | D:7      | Found a sacrificial altar of Ru.
  5868 | D:7      | Noticed Prince Ribbit
  5902 | D:7      | Noticed Pikel
  5915 | D:7      | Killed Pikel
  5954 | D:7      | Found a stormy altar of Qazlal.
  6023 | D:7      | Killed Prince Ribbit
  6023 | D:7      | Reached XP level 10. HP: 90/90 MP: 11/11
  6260 | D:7      | Found a sparkling altar of Nemelex Xobeh.
  6341 | D:7      | Found a radiant altar of Vehumet.
  6399 | D:7      | Noticed Menkaure
  6404 | D:7      | Killed Menkaure
  6431 | D:7      | Identified the amulet "Vodghia" {Gourm *Slow Int+3 Stlth+}
                  | (You found it in a sewer)
  6563 | D:7      | Found a bloodstained altar of Trog.
  7114 | D:8      | Found a blossoming altar of Fedhas.
  7140 | D:8      | Noticed an oklob plant
  7158 | D:8      | Killed an oklob plant
  7598 | D:9      | Received a gift from Trog
  7953 | D:9      | Upgraded the game from 0.24.0-123-gd5b16e6ec5 to
                  | 0.24.0-124-g2791043dd8
  8900 | D:9      | Reached skill level 1 in Shields
  9031 | D:10     | Entered Level 10 of the Dungeon
  9071 | D:10     | Reached skill level 5 in Evocations
  9525 | D:10     | Reached XP level 11. HP: 83/97 MP: 13/13
  9529 | D:10     | Found a staircase to the Orcish Mines.
  9668 | D:10     | Received a gift from Trog
  9671 | D:10     | Found a staircase to the Lair.
  9939 | D:10     | Noticed a two-headed ogre
 10023 | D:10     | Killed a two-headed ogre
 10305 | D:10     | Reached skill level 10 in Fighting
 10430 | D:10     | Gained mutation: You are resistant to electric shocks.
                  | (rElec) [potion of mutation]
 10430 | D:10     | Gained mutation: You are resistant to hostile enchantments.
                  | (MR+) [potion of mutation]
 10486 | Lair:1   | Entered Level 1 of the Lair of Beasts
 10777 | Lair:1   | Noticed a six-headed hydra
 10807 | Lair:1   | Killed a six-headed hydra
 10861 | Lair:1   | Received a gift from Trog
 11014 | Lair:1   | Found a hazy altar of Hepliaklqana.
 11407 | Lair:2   | Found a staircase to the Shoals.
 11615 | Lair:2   | Found a hole to the Spider Nest.
 11670 | Lair:2   | Reached skill level 10 in Armour
 12149 | Lair:3   | Got a bronze ring mail
 12219 | Lair:3   | Noticed an eight-headed hydra
 12246 | Lair:3   | Reached XP level 12. HP: 99/108 MP: 14/14
 12252 | Lair:3   | Killed an eight-headed hydra
 12380 | Lair:3   | Noticed a queen ant
 12392 | Lair:3   | Killed a queen ant
 12722 | Lair:3   | Reached ****** piety under Trog
 12730 | Lair:3   | Received a gift from Trog
 12745 | Lair:3   | Reached skill level 10 in Dodging
 13107 | Lair:4   | Reached skill level 15 in Axes
 14299 | Lair:5   | Noticed a five-headed hydra
 14312 | Lair:5   | Killed a five-headed hydra
 14349 | Lair:5   | Reached XP level 13. HP: 115/117 MP: 15/15
 14383 | Lair:5   | Found a runed translucent gate.
 14383 | Lair:5   | Found a runed translucent gate.
 14383 | Lair:5   | Found a runed translucent gate.
 14778 | Lair:5   | Found a staircase to the Slime Pits.
 14965 | Lair:5   | Noticed Xerdoz's ghost (journeyman TrHu)
 15310 | Lair:5   | Killed Xerdoz's ghost
 15732 | Lair:5   | Got the ring "Itenge" {Fire}
 15779 | Lair:6   | Entered Level 6 of the Lair of Beasts
 15869 | Lair:6   | Found a gate leading to a gauntlet.
 15971 | Lair:6   | Received a gift from Trog
 16933 | Lair:6   | Found a large runed translucent door.
 17123 | Lair:6   | Found a large runed translucent door.
 17132 | Lair:6   | Noticed a fire dragon
 17242 | Lair:6   | Killed a fire dragon
 17466 | Lair:5   | Identified the +5 ring mail of Untold Secrets {rN+ Dex+5}
                  | (You found it on level 3 of the Lair of Beasts)
 17478 | Lair:5   | Identified the ring "Itenge" {Fire *Slow Int+2 Dex+6} (You
                  | found it on level 5 of the Lair of Beasts)
 17582 | Shoals:1 | Entered Level 1 of the Shoals
 17684 | Shoals:1 | Noticed a merfolk javelineer
 17708 | Shoals:1 | Received a gift from Trog
 17712 | Shoals:1 | Killed a merfolk javelineer
 17990 | Shoals:1 | Found a hide-covered altar of Uskayaw.
 18009 | Shoals:1 | Got a dazzling scale mail
 18022 | Shoals:1 | Found a frozen archway.
 18240 | Shoals:1 | Reached XP level 14. HP: 38/129 MP: 16/16
 19210 | Shoals:2 | Noticed Polyphemus
 19992 | Shoals:1 | Killed Polyphemus
 20413 | Shoals:2 | Noticed Ilsuiw
 21475 | Shoals:2 | Killed Ilsuiw
 21731 | Shoals:2 | Noticed Roxanne
 21817 | Shoals:2 | Killed Roxanne
 22360 | Shoals:4 | Entered Level 4 of the Shoals
 22379 | Shoals:4 | Found a runed translucent door.
 22788 | Shoals:3 | Noticed Nikola
 23415 | Shoals:4 | Killed Nikola
 23486 | Shoals:3 | Reached XP level 15. HP: 65/139 MP: 6/18
 23897 | Shoals:3 | Noticed Johnny's ghost (adept DgEE)
 23898 | Shoals:3 | Found a runed translucent gate.
 24256 | Shoals:3 | Got a steaming lapis lazuli ring
 24278 | Shoals:3 | Found a runed translucent gate.
 24278 | Shoals:3 | Found a runed translucent gate.
 24524 | Shoals:3 | Killed Johnny's ghost
 24524 | Shoals:3 | Received a gift from Trog
 24573 | Shoals:3 | Identified the +0 scale mail "Aqucirphaen" {rN+ Regen+
                  | Int-5} (You found it on level 1 of the Shoals)
 24573 | Shoals:3 | Lost intelligence.
 24595 | Shoals:3 | Identified the ring "Qaakkuil" {rF+ rN+ Int+4 Stlth-} (You
                  | found it on level 3 of the Shoals)
 24662 | Shoals:4 | Noticed Aizul
 24683 | Shoals:4 | Killed Aizul
 26379 | Shoals:3 | Reached skill level 15 in Fighting
 27273 | Shoals:4 | Found the +11 plutonium sword {*Contam Stlth-}
 28057 | Shoals:4 | Reached skill level 15 in Armour
 28611 | Shoals:4 | Received a gift from Trog
 29527 | Shoals:4 | Got a barnacled rune of Zot
 29709 | Spider:1 | Entered Level 1 of the Spider Nest
 29989 | Spider:1 | Reached XP level 16. HP: 95/149 MP: 19/21
 31184 | Spider:1 | Got a spiked scale mail
 31195 | Spider:1 | Identified the +6 scale mail of Deocwun {Regen+ Int+5} (You
                  | found it on level 1 of the Spider Nest)
 31724 | Spider:2 | Noticed Louise
 31763 | Spider:2 | Killed Louise
 33029 | Spider:3 | Reached skill level 5 in Shields
 33085 | Spider:3 | Noticed Agnes
 33112 | Spider:3 | Killed Agnes
 33187 | Spider:3 | Noticed Arachne
 33213 | Spider:3 | Noticed Azrael
 33233 | Spider:3 | Killed Azrael
 33690 | Spider:3 | Killed Arachne
 33690 | Spider:3 | Reached skill level 15 in Dodging
 34512 | Spider:4 | Entered Level 4 of the Spider Nest
 34772 | Spider:4 | Received a gift from Trog
 35647 | Spider:3 | Reached XP level 17. HP: 135/160 MP: 22/22
 36190 | Spider:4 | Got a gossamer rune of Zot
 36575 | Orc:1    | Entered Level 1 of the Orcish Mines
 37299 | Orc:2    | Entered Level 2 of the Orcish Mines
 37305 | Orc:2    | Noticed Donald
 37331 | Orc:1    | Killed Donald
 37559 | Orc:1    | Found the +7 sceptre of Torment {pain, torment}
 37626 | Orc:1    | Got a twisted broad axe
 37641 | Orc:1    | Identified the +9 broad axe of Mayhem {venom, rC+ rN+
                  | Dex+4} (You found it on level 1 of the Orcish Mines)
 37836 | Orc:2    | Received a gift from Trog
 38597 | Orc:2    | Found a staircase to the Elven Halls.
 38756 | Orc:2    | Found a roughly hewn altar of Beogh.
 38913 | Orc:2    | Found Faemm's Weapon Emporium.
 38913 | Orc:2    | Found Ximpiy's Antique Armour Boutique.
 38915 | Orc:2    | Found Lusoc's Distillery.
 38915 | Orc:2    | Found Micuepnixu's Food Emporium.
 38975 | Orc:2    | Bought a potion of curing for 39 gold pieces
 38975 | Orc:2    | Bought a potion of curing for 39 gold pieces
 38975 | Orc:2    | Bought a potion of resistance for 130 gold pieces
 38976 | Orc:2    | Bought a ration for 65 gold pieces
 38976 | Orc:2    | Bought a ration for 65 gold pieces
 38976 | Orc:2    | Bought a ration for 65 gold pieces
 38976 | Orc:2    | Bought a ration for 65 gold pieces
 38976 | Orc:2    | Bought a ration for 65 gold pieces
 38976 | Orc:2    | Bought a ration for 65 gold pieces
 38976 | Orc:2    | Bought a ration for 65 gold pieces
 38976 | Orc:2    | Bought a ration for 65 gold pieces
 38976 | Orc:2    | Bought a ration for 65 gold pieces
 38976 | Orc:2    | Bought a ration for 65 gold pieces
 39067 | Elf:1    | Entered Level 1 of the Elven Halls
 39361 | Elf:1    | Received a gift from Trog
 39498 | Elf:1    | Reached skill level 10 in Shields
 39525 | Elf:1    | Found Uxetu's Antique Weapon Shoppe.
 39566 | Elf:1    | Found a shimmering blue altar of Sif Muna.
 39784 | Elf:1    | Found Emaub's Assorted Antiques.
 39791 | Elf:1    | Found Ihutotwy's Book Shoppe.
 39806 | Elf:1    | Bought a scroll of enchant armour for 270 gold pieces
 40151 | Elf:1    | Reached XP level 18. HP: 170/172 MP: 23/23
 40337 | Elf:2    | Identified a scroll of acquirement
 40347 | Elf:2    | Got a flickering lead amulet
 40349 | Elf:2    | Identified the amulet of Baubicaz {Gourm rN+ Stlth+} (You
                  | acquired it on level 2 of the Elven Halls)
 40362 | Elf:2    | Received a gift from Trog
 40464 | Elf:2    | Received a gift from Trog
 40571 | Elf:2    | Found a runed translucent gate.
 40573 | Elf:2    | Found a runed translucent gate.
 40576 | Elf:2    | Found a runed translucent gate.
 41385 | Elf:3    | Entered Level 3 of the Elven Halls
 41390 | Elf:3    | Received a gift from Trog
 41771 | Elf:3    | Identified the ring of Fatigue {MR+ Int+3}
 42353 | Elf:3    | Noticed a Hell Sentinel
 42421 | Elf:3    | Noticed a Tzitzimitl
 42515 | Elf:3    | Reached XP level 19. HP: 128/182 MP: 24/24
 42556 | Elf:3    | Found the +8 demon trident "Rift" {distort, reach+}
 42596 | Elf:3    | Identified the Papyrus of Cloudy Translocation
 42832 | Elf:3    | Found the -2 hat of the Alchemist {rElec rPois rF+ rC+ rN+
                  | MR+ rMut rCorr}
 42837 | Elf:3    | Got a translucent plate armour
 42838 | Elf:3    | Identified the +3 plate armour of Xieden {+Inv rC+} (You
                  | found it on level 3 of the Elven Halls)
 43349 | D:11     | Received a gift from Trog
 43487 | D:11     | Found a runed translucent gate.
 43490 | D:11     | Found a runed translucent gate.
 43490 | D:11     | Noticed Rohyif's ghost (journeyman GnGl)
 43490 | D:11     | Identified the cursed +0 whip of the Median {pain, +Rage}
 43492 | D:11     | Found a runed translucent gate.
 43513 | D:11     | Killed Rohyif's ghost
 43562 | D:11     | Found the ring of Phasing {EV+8}
 43681 | D:11     | Found a radiant altar of Vehumet.
 44350 | D:12     | Noticed Kirke
 44363 | D:12     | Killed Kirke
 44452 | D:12     | You fall into a shaft and drop 3 floors!
 44452 | D:15     | Entered Level 15 of the Dungeon
 44461 | D:15     | Noticed Jorgrun
 44771 | D:14     | Found a stormy altar of Qazlal.
 44870 | D:14     | Received a gift from Trog
 45438 | D:13     | Got a smoking lead ring
 45439 | D:13     | Identified the ring "Amuov" {rPois rF+ MR- Dex+3} (You
                  | found it on level 13 of the Dungeon)
 45447 | D:13     | Got a fine bone ring
 45448 | D:13     | Identified the ring of Ipraenidgh {Str+6 Dex+3} (You found
                  | it on level 13 of the Dungeon)
 45647 | D:13     | Found a portal to a secret trove of treasure.
 46630 | D:14     | Found a gate to the Vaults.
 46918 | Vaults:1 | Entered Level 1 of the Vaults
 46971 | Vaults:1 | Found Yshriab's Food Shop.
 47346 | Vaults:1 | Reached skill level 15 in Shields
 47354 | Vaults:1 | Identified the +4 scale mail of the Game of Life {Dex+3}
 47898 | Vaults:1 | Reached XP level 20. HP: 179/193 MP: 25/25
 47975 | Vaults:1 | Found Qapud's Jewellery Emporium.
 48076 | Vaults:1 | Found Icuele's Antique Armour Shoppe.
 48159 | Vaults:1 | Found Huoph's Jewellery Shop.
 48352 | Vaults:1 | Received a gift from Trog
 48529 | Vaults:2 | Cast into level 4 of the Abyss (tengu reaver)
 48556 | Abyss:4  | Gained mutation: Your magical capacity is low. (-10% MP) [a
                  | neqoxec]
 48606 | Abyss:4  | Found an ancient bone altar of Kikubaaqudgha.
 48858 | Abyss:4  | Got an abyssal rune of Zot
 48883 | Vaults:2 | Escaped the Abyss
 49445 | D:15     | Killed Jorgrun
 49627 | D:15     | Found a staircase to the Depths.
 49644 | Depths:1 | Entered Level 1 of the Depths
 50087 | Depths:1 | Found a gateway to Hell.
 50599 | Depths:1 | Got a twisted war axe
 50600 | Depths:1 | Identified the +2 war axe of the Lamprey {chop, *Corrode
                  | Int+4 Stlth+} (You found it on level 1 of the Depths)
 50620 | Depths:1 | Got a crude broad axe
 50620 | Depths:1 | Got a scintillating steel amulet
 50621 | Depths:1 | Identified the +10 broad axe of Virtue {venom, *Corrode rN+
                  | Dex+5} (You acquired it on level 1 of the Depths)
 50626 | Depths:1 | Identified the amulet of Disaster {RegenMP rElec Dex+4}
                  | (You acquired it on level 1 of the Depths)
 50802 | Depths:1 | Reached XP level 21. HP: 172/204 MP: 23/23
 50804 | Depths:1 | Received a gift from Trog
 50942 | Depths:1 | Found a one-way gate leading to the halls of Pandemonium.
 50943 | Depths:1 | Upgraded the game from 0.24.0-124-g2791043dd8 to
                  | 0.24.0-125-gc4c63601f3
 50952 | Depths:1 | Found a corrupted altar of Lugonu.
 50952 | Depths:1 | Found a one-way gate to the infinite horrors of the Abyss.
 52033 | Depths:2 | Found Cucaeri's Jewellery Shop.
 52034 | Depths:2 | Found Lustroon's Gadget Emporium.
 52035 | Depths:2 | Found Kupy's Jewellery Shop.
 52044 | Depths:2 | Reached XP level 22. HP: 213/213 MP: 24/24
 52055 | Depths:2 | Bought the ring of the Villain {+Blink rC+ MP+9} for 902
                  | gold pieces
 52367 | Depths:2 | You fall into a shaft and drop 2 floors!
 52468 | Depths:3 | You fall into a shaft and drop 2 floors!
 52468 | Depths:5 | Entered Level 5 of the Depths
 52518 | Depths:5 | Found a gateway to a ziggurat.
 52706 | Depths:5 | Received a gift from Trog
 53121 | Depths:4 | Found a runed translucent gate.
 53121 | Depths:4 | Found a runed translucent gate.
 53121 | Depths:4 | Found a runed translucent gate.
 54044 | Depths:3 | Received a gift from Trog
 54741 | Depths:2 | Reached XP level 23. HP: 200/223 MP: 25/25
 55051 | Depths:2 | Got a fine plate armour
 55052 | Depths:2 | Identified the +1 plate armour of the Valley of Death
                  | {*Slow MR+ Str+5} (You found it on level 2 of the Depths)
 56665 | Depths:3 | Noticed an ancient lich
 56684 | Depths:3 | Received a gift from Trog
 56691 | Depths:3 | Killed an ancient lich
 57892 | Depths:5 | Found a gate to the Realm of Zot.
 57988 | Zot:1    | Entered Level 1 of the Realm of Zot
 58496 | Zot:1    | Received a gift from Trog
 58496 | Zot:1    | Reached XP level 24. HP: 149/235 MP: 25/25
 60133 | Zot:2    | Got a scintillating lapis lazuli ring
 60134 | Zot:2    | Identified the ring "Qoxtaf" {+Blink +Fly Int+3} (You found
                  | it on level 2 of the Realm of Zot)
 61466 | Zot:3    | Received a gift from Trog
 63817 | Zot:5    | Entered Level 5 of the Realm of Zot
 64065 | Zot:5    | Reached XP level 25. HP: 209/245 MP: 25/25
 64186 | Zot:5    | Received a gift from Trog
 64223 | Zot:5    | Noticed an orb of fire
 64229 | Zot:5    | Noticed an orb of fire
 64230 | Zot:5    | Noticed a Killer Klown
 64231 | Zot:5    | Noticed an ancient lich
 64232 | Zot:5    | Noticed a Killer Klown
 64233 | Zot:5    | Noticed an ancient lich
 64233 | Zot:5    | Noticed an ancient lich
 64236 | Zot:5    | Noticed an ancient lich
 64243 | Zot:5    | Annihilated by an Orb Guardian

Levels and vault maps discovered:
D:1:      dpeg_arrival_ratfight, layout_basic
D:2:      layout_rooms, grunt_temple_overflow_gold_and_silver, led_sif_pool,
          serial_forest, infiniplex_forest_end_2, infiniplex_forest_clump_small,
          infiniplex_forest_lined_4_way, infiniplex_forest_clump_curved,
          infiniplex_forest_lined_3
D:3:      layout_loops_corners, first_ration, gammafunk_ghost_arena,
          uniq_crazy_yiuf_cottage, uniq_ijyb
D:4:      layout_gridville, lemuel_doored_altar,
          yredelemnul_forgotten_temple_becter, serial_shops,
          nicolae_shop_competitors_out_of_business, minmay_shop_damaged
D:5:      layout_loops_cross, marbit_many_paths, cheibrodos_ashenzari_chains
D:6:      layout_layer_cave, minmay_temple_entry_butterflies,
          portal_sewer_entry_f
D:7:      layout_loops_ring, kennysheep_mini, nicolae_ru_awakened_eye,
          lightli_temple_of_fire, nemelex_xobeh_ov_fountains_minmay,
          dk_vineyard_3, nicolae_qazlal_style_of_elements, uniq_prince_ribbit1,
          uniq_menkaure, uniq_pikel
D:8:      layout_cave_pools, tgw_fedhas
D:9:      layout_grid_maze
D:10:     layout_long_grid, david_lair_generic, zombieorc2_lemuel
D:11:     layout_loops_ring, basic_altar, gammafunk_ghost_nasty_kobolds,
          hangedman_little_slice_of_home, hangedman_weighted_door
D:12:     layout_long_grid, uniq_kirke
D:13:     layout_basic, nicolae_trove_entry_diagonal,
          minmay_hollow_rounded_squares
D:14:     layout_loops_ring, grunt_vaults_entry_fortified, basic_altar
D:15:     hangedman_depths_entry_try_elsewhere_first, layout_rooms,
          corexii_leaking_fountain, uniq_jorgrun
Lair:1:   layout_gridlike, basic_altar
Lair:2:   layout_gridlike, minmay_shoals_entry_centaurs,
          spider_nest_entry_web_field
Lair:3:   layout_roguey [special_room_bee], zaba_anthell
Lair:4:   layout_hall_layers, bh_autumn_forest_stairs, wad_woods_road_01
Lair:5:   layout_hall_layers, nicolae_slime_entry_slimehenge,
          gammafunk_ghost_icy, st_stairs_3, infiniplex_staircase_pool
Lair:6:   cheibrodos_lair_end_hotspot, layout_cave_pods, gauntlet_entry_generic
Shoals:1: layout_shoals, portal_ice_cave_entry_pillars_three,
          regret_index_shoals_crete
Shoals:2: layout_shoals, uniq_ilsuiw, uniq_polyphemus, uniq_roxanne
Shoals:3: layout_shoals, gammafunk_ghost_necromancy, uniq_nikola
Shoals:4: shoals_end_grunt_ice, layout_shoals, lightli_airlock, uniq_aizul
Spider:1: layout_spider_delve
Spider:2: layout_chambers, uniq_louise
Spider:3: layout_spider_delve, uniq_agnes, uniq_azrael, uniq_arachne
Spider:4: grunt_spider_rune_circles
Orc:1:    giant_chief_lemuel, layout_caves
Orc:2:    grunt_orc_tribal_feast, layout_caves, bh_open_orc_temple, uniq_donald
Elf:1:    layout_gridlike, basic_altar, serial_shops, shop, nicolae_shop_trees,
          nicolae_shop_trees, kennysheep_underground_church, grunt_ministairs_6
Elf:2:    layout_geoelf_grid
Elf:3:    minmay_elf_hall_spiked, layout_gridlike
Vaults:1: vaults_room_door_hall, v_rooms_5, hangedman_vaults_snaps,
          nicolae_vaults_windows_and_doors_thing,
          nicolae_vaults_big_angled_halls, nicolae_vaults_border_crossing,
          ontoclasm_vaults_tryst, vaults_room_ringed_pool,
          ontoclasm_vaults_chip, v_misc_14, v_misc_15, layout_vaults_omnibox,
          serial_shops, shop, nicolae_shop_temple_entry_statues_fountains, shop,
          shop
Vaults:2: hangedman_vaults_locks, grunt_vaults_funnel,
          nicolae_vaults_network_quinsquares
          [nicolae_vaults_network_quincunx_subvault,
          nicolae_vaults_network_quincunx_subvault,
          nicolae_vaults_network_quincunx_subvault,
          nicolae_vaults_network_quincunx_subvault],
          minmay_crypt_entry_necro_gods, vaults_mumra_chevron,
          vaults_room_door_ring, nicolae_vaults_network_square, v_rooms_5,
          vaults_room_stairs_pillars, vaults_room_fours,
          nicolae_vaults_murderbox, layout_vaults_omnicross, serial_shops, shop,
          uniq_asterion, uniq_margery
Depths:1: layout_forbidden_donut, abyss_entry_flame_altar, grunt_decor_fettered,
          pan_entry, hell_entry, drop_trap, fountainhead, corner_web_ring,
          grunt_ministairs_10, kennysheep_nub, kennysheep_cross_bottleneck,
          minmay_pinched_square
Depths:2: minmay_outward_triangles, layout_gridlike, hell_entry,
          minmay_shop_grove, infiniplex_staircase_9_rooms
Depths:3: minmay_triangles_in_corner, layout_basic, hangedman_decor_cross_pass,
          special_room [special_room_morgue], abyss_entry,
          hangedman_coc_ice_floe, rand_demon_pan_entry_4, grunt_ministairs_10,
          due_unseen_surprise
Depths:4: minmay_connected_triangles_in_corner, layout_gridlike, hex_medium,
          grunt_hell_entry_dis_old, minmay_room_of_horrors, pandoras_box_mu
Depths:5: evilmike_zot_entry_basic, layout_cave_pools, enter_ziggurat_b,
          pan_entry, hell_entry, minmay_misc_feat_iff, minmay_misc_feat_doors,
          ebering_dispersal_statue_hall, serial_bayou_shore_b
Zot:1:    layout_gridlike, st_stairs_14, hangedman_zot_decor_slant
Zot:2:    layout_basic
Zot:3:    layout_cathedral_of_symmetry, st_stairs_5
Zot:4:    layout_twisted_circle, drop_trap, st_stairs_12
Zot:5:    layout_gridlike

Skill      XL: |  1  2  3  4  5  6  7  8  9 10 11 12 13 14 15 16 17 18 19 20 21 22 23 24 25 |
---------------+----------------------------------------------------------------------------+-----
Axes           | 4 5 6 7 9 10 12 13 15 17 18 | 18.0
Fighting       | 4 5 6 7 8 9 10 11 13 14 15 16 18 19 20 21 22 23 24 | 24.1
Armour         | 3 4 5 6 7 8 10 11 12 14 15 16 17 18 19 20 21 22 23 24 | 24.0
Dodging        | 3 4 5 6 7 9 10 11 12 14 15 16 17 18 19 20 21 22 | 22.3
Evocations     | 2 3 5 8 |  8.0
Shields        | 2 4 7 10 12 15 17 18 20 21 | 21.4

Action                   |  1- 3 |  4- 6 |  7- 9 | 10-12 | 13-15 | 16-18 | 19-21 | 22-24 | 25-27 || total
-------------------------+-------+-------+-------+-------+-------+-------+-------+-------+-------++-------
Melee: Hand axe          |    94 |   149 |   407 |   837 |  1165 |   200 |       |       |       ||  2852
       Headbutt          |    13 |    32 |    78 |   214 |   360 |   370 |   432 |   513 |    21 ||  2033
       Mace              |       |       |       |   137 |    36 |       |       |       |       ||   173
       Battleaxe         |       |       |       |       |   193 |       |       |       |       ||   193
       Demon trident     |       |       |       |       |       |   828 |       |       |       ||   828
       Broad axe         |       |       |       |       |       |   601 |  1410 |  1426 |    63 ||  3500
Invok: Berserk           |       |     2 |     2 |     7 |     8 |     4 |       |     2 |       ||    25
       Trog's Hand       |       |       |       |     1 |    16 |    13 |    13 |    11 |       ||    54
       Brothers in Arms  |       |       |       |       |    13 |     8 |    13 |     4 |     3 ||    41
Evoke: Wand              |       |       |       |       |     1 |       |     8 |       |       ||     9
       Sack of spiders   |       |       |       |       |       |       |     2 |       |       ||     2
  Use: Potion            |       |       |       |    12 |     8 |    12 |     5 |     8 |     1 ||    46
       Scroll            |       |       |       |    11 |    12 |     9 |    28 |    12 |     4 ||    76
 Stab: Distracted        |       |       |       |       |     1 |     1 |     1 |       |       ||     3
       Petrified         |       |       |       |       |       |       |     4 |       |       ||     4
  Eat: Chunk             |       |     5 |    11 |    39 |    42 |    33 |    31 |    28 |     2 ||   191
       Ration            |       |     1 |       |       |     8 |     6 |     3 |     5 |       ||    23
Armor: Chain mail        |    33 |    70 |    72 |       |    57 |   137 |       |       |       ||   369
       Animal skin       |     1 |       |       |       |       |       |       |       |       ||     1
       Plate armour      |       |       |    66 |   423 |   552 |   520 |   281 |   318 |    25 ||  2185
Dodge: Dodged            |    50 |    41 |   150 |   348 |   500 |   556 |   614 |   743 |    63 ||  3065
       Deflected         |       |       |       |       |    14 |       |     1 |       |       ||    15
Block: Buckler           |       |       |    25 |   233 |   408 |    88 |       |       |       ||   754
       Reflection        |       |       |       |     3 |    36 |    48 |   124 |    68 |     1 ||   280
       Other             |       |       |       |       |    43 |       |       |       |       ||    43
       Large shield      |       |       |       |       |       |   899 |       |       |       ||   899
       Shield            |       |       |       |       |       |   426 |  1015 |  1120 |   101 ||  2662
